 Dungeon Crawl Stone Soup version 0.20-a0-833-gc632bec (webtiles) character file.

94 nikopol the Magician (level 4, -2/24 HPs)
             Began as a Deep Elf Fire Elementalist on Mar 7, 2017.
             Slain by Jessica (3 damage)
             ... on level 2 of the Dungeon.
             The game lasted 00:08:37 (1796 turns).

nikopol the Magician (Deep Elf Fire Elementalist)   Turns: 1796, Time: 00:08:37

Health: -2/24      AC:  2    Str:  5    XL:     4   Next: 38%
Magic:  7/12       EV: 13    Int: 21    God:
Gold:   64         SH:  0    Dex: 15    Spells: 5/11 levels left

rFire    . . .     SeeInvis .   g - +0 dagger
rCold    . . .     Gourm    .   a - +0 robe
rNeg     . . .     Faith    .   (no shield)
rPois    .         Spirit   .   (no helmet)
rElec    .         Reflect  .   (no cloak)
rCorr    .         Harm     .   (no gloves)
MR       .....                  (no boots)
Stlth    ++........             (no amulet)
Regen    0.1/turn               (no ring)
MPRegen  0.2/turn               (no ring)

@: slowed, very slow
A: no striking features
a: no special abilities


You were on level 2 of the Dungeon.
You were very hungry.

You visited 1 branch of the dungeon, and saw 2 of its levels.

You collected 64 gold pieces.

Inventory:

Hand Weapons
 g - a +0 dagger (weapon)
Armour
 a - a +0 robe (worn)
Scrolls
 e - a scroll of teleportation {unknown}
 f - a scroll of magic mapping {unknown}
 h - a scroll of identify {unknown}
 i - a scroll of amnesia {unknown}
Potions
 d - 2 potions of curing {unknown}
Books
 b - a book of Flames

   Spells                             Type                      Level
   a - Flame Tongue                   Conjuration/Fire             1
   b - Throw Flame                    Conjuration/Fire             2
   c - Conjure Flame                  Conjuration/Fire             3
   d - Inner Flame                    Hexes/Fire                   3
   e - Sticky Flame                   Conjuration/Fire             4
   f - Fireball                       Conjuration/Fire             5
Comestibles
 c - 2 bread rations


   Skills:
 - Level 3.1 Dodging
 - Level 3.2 Stealth
 + Level 4.1 Spellcasting
 + Level 2.4 Conjurations
 + Level 3.8 Fire Magic


You had 5 spell levels left.
You knew the following spells:

 Your Spells              Type           Power        Failure   Level  Hunger
a - Flame Tongue          Conj/Fire      ###..        3%          1    None
b - Throw Flame           Conj/Fire      ###...       6%          2    #......
c - Conjure Flame         Conj/Fire      ###.....     12%         3    ###....


Dungeon Overview and Level Annotations

Branches:
Dungeon (2/15)

Altars:

Annotations:
D:2 Jessica


Message History

You feel yourself slow down. Something hits you. Something hits you.
You hear some strange, mumbled words.
Pain shoots through your body!
Your magical contamination has completely faded away.
Something hits you.
* * * LOW HITPOINT WARNING * * *
You hear some strange, mumbled words.
You feel as though you will be slow longer.
Something hits you.
* * * LOW HITPOINT WARNING * * *
You hear some strange, mumbled words.
Something tries to affect you, but you resist.
You hear some strange, mumbled words.
Something hits you but does no damage. Something hits you.
* * * LOW HITPOINT WARNING * * *
Something hits you.
You die...

....... #.# #.####.# #.
.....## #.# #.# #.#########.
#.# #.# ##.## #..........{
#.# #...# ###.######.
#.###...### #.# #.
#.##.###.#.......####.######.
.............................
#.##.###.#........###########
..[.......(@.....# #######
###<....###...#### #...)..
####### ##.#########.#####
#...........# #############


There were no monsters in sight!

Vanquished Creatures
  Ijyb (D:1)
  A gnoll (D:1)
  2 adders
  4 dart slugs (D:1)
  3 giant cockroaches (D:1)
  2 goblins (D:1)
  3 hobgoblins (D:1)
  3 jackals (D:1)
  6 kobolds
  2 bats (D:1)
  4 frilled lizards
  3 rats
34 creatures vanquished.

Notes
Turn   | Place    | Note
-------+----------+-------------------------------------------
     0 | D:1      | nikopol the Deep Elf Fire Elementalist began the quest for the Orb.
     0 | D:1      | Reached XP level 1. HP: 10/10 MP: 6/6
   113 | D:1      | Reached XP level 2. HP: 8/15 MP: 0/8
   713 | D:1      | Reached XP level 3. HP: 11/19 MP: 2/9
   842 | D:1      | Learned a level 2 spell: Throw Flame
  1346 | D:2      | Noticed Ijyb
  1418 | D:1      | Killed Ijyb
  1418 | D:1      | Reached skill level 4 in Spellcasting
  1418 | D:1      | Reached XP level 4. HP: 13/24 MP: 0/12
  1690 | D:1      | Learned a level 3 spell: Conjure Flame
  1769 | D:2      | Noticed Jessica
  1796 | D:2      | HP: 1/24 [something (2)]
  1796 | D:2      | Slain by Jessica

Vault maps used:
D:1:      dpeg_arrival_lava_temple_mockup
D:2:      lemuel_coloured_pillars_altar, chequers_ecumenical_altar_simple_redux,
          uniq_iyjb, uniq_jessica, uniq_natasha, uniq_terence

Skill      XL: |  1  2  3 |
---------------+----------+-----
Stealth        | 3 |  3.2
Dodging        | 3 |  3.1
Conjurations   | 2 |  2.4
Spellcasting   | 4 |  4.1
Fire Magic     | |  3.8

Action                   |  1- 3 |  4- 6 || total
-------------------------+-------+-------++-------
Melee: Dagger            |    13 |       ||    13
 Cast: Flame Tongue      |    55 |     4 ||    59
       Throw Flame       |    14 |     2 ||    16
       Conjure Flame     |       |     1 ||     1
  Eat: Chunk             |     2 |       ||     2
Armor: Robe              |     5 |     1 ||     6
Dodge: Dodged            |    40 |     1 ||    41
